 Dungeon Crawl Stone Soup version 0.25-a0-200-g5ba96148f3 (console) character file.

Game seed: 7971228021590390169, levelgen mode: deterministic

574 Kagalorn the Quickloader (level 7, -1/57 HPs)
             Began as a Minotaur Hunter on Dec 2, 2019.
             Slain by a bullfrog zombie (4 damage)
             ... on level 5 of the Dungeon.
             The game lasted 00:09:35 (4381 turns).

Kagalorn the Quickloader (Minotaur Hunter)          Turns: 4381, Time: 00:09:36

Health: -1/57      AC:  8    Str: 19    XL:     7   Next: 12%
Magic:  6/6        EV: 10    Int:  8    God:
Gold:   113        SH:  0    Dex: 10    Spells: 6/6 levels left

rFire    . . .     SeeInvis .   b - +2 whip (freeze)
rCold    . . .     Gourm    .   (no shield)
rNeg     . . .     Faith    .   i - +0 scale mail
rPois    .         Spirit   .   o - +0 hat
rElec    .         Reflect  .   (no cloak)
rCorr    .         Harm     .   x - +0 pair of gloves
MR       .....                  g - +0 pair of boots
Stlth    ..........             (no amulet)
HPRegen  0.19/turn              (no ring)
MPRegen  0.10/turn              (no ring)

@: no status effects
A: retaliatory headbutt, horns 2
a: no special abilities


You were on level 5 of the Dungeon.
You were not hungry.

You visited 1 branch of the dungeon, and saw 5 of its levels.

You collected 113 gold pieces.

Inventory:

Hand Weapons
 a - a +1 hand crossbow
 b - a +2 whip of freezing (weapon)
Missiles
 d - 76 bolts
Armour
 g - a +0 pair of boots (worn)
 i - a +0 scale mail (worn)
 o - a +0 hat (worn)
 x - a +0 pair of gloves (worn)
Jewellery
 j - an uncursed ring of positive energy {unknown}
 r - a +3 ring of protection {unknown}
 A - a +4 amulet of reflection {unknown}
 D - an uncursed ring of protection from fire {unknown}
 F - a +5 ring of strength {unknown}
 J - a +3 ring of dexterity {unknown}
Wands
 z - a wand of polymorph (3)
Scrolls
 c - a scroll of magic mapping {unknown}
 h - a scroll of fog {unknown}
 k - 3 scrolls of identify {unknown}
 l - 3 scrolls of enchant weapon {unknown}
 p - a scroll of immolation {unknown}
 q - 2 scrolls of amnesia {unknown}
 t - 4 scrolls of remove curse {unknown}
 u - a scroll of fear {unknown}
 v - 2 scrolls of teleportation {unknown}
 y - 2 scrolls of random uselessness {unknown}
 C - a scroll of blinking {unknown}
 I - 2 scrolls of enchant armour {unknown}
Potions
 e - 2 potions of flight {unknown}
 m - 3 potions of mutation {unknown}
 n - a potion of resistance {unknown}
 s - 2 potions of brilliance {unknown}
 w - 2 potions of heal wounds
 B - a potion of lignification {unknown}
 E - a potion of ambrosia {unknown}
 G - a potion of degeneration {unknown}
Comestibles
 f - 5 rations


   Skills:
 * Level 3.0 Fighting
 * Level 9.3 Crossbows
 - Level 2.1 Dodging
 - Level 0.7 Stealth


You had 6 spell levels left.
You didn't know any spells.
Your spell library was empty.

Dungeon Overview and Level Annotations

Branches:
Dungeon (5/15)
 Temple: D:4-7

Altars:
Elyvilon
Kikubaaqudgha
Sif Muna


Innate Abilities, Weirdness & Mutations

You reflexively headbutt those who attack you in melee.
You have a pair of horns on your head.


Message History

* * * LOW HITPOINT WARNING * * *
You are starving!
You barely miss the hound.
The hound is lightly wounded.
The hound bites you but does no damage.
The bullfrog zombie hits you but does no damage.
The hound misses you. The bullfrog zombie hits you.
* * * LOW HITPOINT WARNING * * *
The hungry ghost hits you.
You feel somewhat more hungry.
Your scale mail prevents you from hitting the hound.
The hound is lightly wounded.
The hound closely misses you.
The bullfrog zombie hits you but does no damage.
The hungry ghost hits you.
* * * LOW HITPOINT WARNING * * *
You are fainting from starvation!
The hound bites you but does no damage.
You eat one of the 6 rations.
That ration really hit the spot!
The bullfrog zombie hits you.
You die...

### ######### ....
#.......# .....
#.......#
......####.......#
.......<..)......#
###......@Z...<..#
#......##Wh......#
.....## #........#
..... #..#..####
#... ##.#.## #..
..... #.. #......
#....... #.. ....


You could see a hungry ghost, a hound and a bullfrog zombie.

Vanquished Creatures
  Eustachio (D:5)
  A centaur (D:4)
  A scorpion (D:4)
  2 orc priests
  Jessica (D:2)
  2 worker ants
  Robin (D:2)
  4 gnolls
  2 adders
  An ooze (D:3)
  An adder skeleton (D:4)
  A worm (D:4)
  5 dart slugs
  2 leopard geckos
  6 orcs
  3 ball pythons
  3 bats
  5 giant cockroaches
  10 hobgoblins
  8 jackals
  2 quokkas (D:4)
  6 frilled lizards
  11 goblins
  6 kobolds
  6 rats
91 creatures vanquished.

Notes
Turn   | Place    | Note
-------+----------+-------------------------------------------
     0 | D:1      | Kagalorn the Minotaur Hunter began the quest for the Orb.
     0 | D:1      | Reached XP level 1. HP: 18/18 MP: 0/0
    61 | D:1      | Reached XP level 2. HP: 6/25 MP: 1/1
    65 | D:1      | Reached skill level 5 in Crossbows
  1055 | D:2      | Reached XP level 3. HP: 26/30 MP: 2/2
  1105 | D:2      | Noticed Jessica
  1106 | D:2      | Found a white marble altar of Elyvilon.
  1109 | D:2      | Killed Jessica
  1109 | D:2      | Reached skill level 6 in Crossbows
  1109 | D:2      | Reached XP level 4. HP: 28/37 MP: 3/3
  1440 | D:2      | Found a shimmering blue altar of Sif Muna.
  1665 | D:2      | Noticed Robin
  1674 | D:2      | Killed Robin
  2504 | D:3      | Reached skill level 7 in Crossbows
  2504 | D:3      | Reached XP level 5. HP: 42/42 MP: 4/4
  3128 | D:4      | Noticed a centaur
  3222 | D:4      | Killed a centaur
  3222 | D:4      | Reached skill level 8 in Crossbows
  3222 | D:4      | Reached XP level 6. HP: 41/50 MP: 5/5
  3915 | D:4      | Noticed a slave
  3929 | D:5      | Entered Level 5 of the Dungeon
  3930 | D:5      | Noticed Eustachio
  4265 | D:4      | Found an ancient bone altar of Kikubaaqudgha.
  4325 | D:4      | Noticed a slave
  4325 | D:4      | Noticed a slave
  4367 | D:5      | Noticed a hungry ghost
  4373 | D:5      | Killed Eustachio
  4373 | D:5      | Reached skill level 9 in Crossbows
  4373 | D:5      | Reached XP level 7. HP: 10/57 MP: 6/6
  4381 | D:5      | Slain by a bullfrog zombie

Levels and vault maps discovered:
D:1:      dpeg_arrival_long_road, layout_basic, palyth_stone_intersect
D:2:      layout_basic, led_sif_pool, elyvilon_altar_5, minmay_heptomino_h4,
          uniq_jessica, uniq_robin
D:3:      layout_loops_corners
D:4:      layout_basic, old_standard_altar, uniq_pikel
D:5:      layout_rooms, regret_index_temple_of_mockery,
          nicolae_tso_swordbearing_angel, overflow_temple_1_default,
          temple_pool_b, first_ration, enter_ossuary_3, serial_shops,
          nicolae_shop_overgrown_old_shop, kennysheep_small_circle,
          uniq_crazy_yiuf_cottage, uniq_edmund, uniq_eustachio

Skill      XL: |  1  2  3  4  5  6 |
---------------+-------------------+-----
Crossbows      | 5 6 7 8 9 |  9.3
Fighting       | 3 |  3.0
Dodging        | |  2.1
Stealth        | |  0.7

Action                   |  1- 3 |  4- 6 |  7- 9 || total
-------------------------+-------+-------+-------++-------
Melee: Short sword       |    60 |       |       ||    60
       Headbutt          |     6 |    22 |       ||    28
       Whip              |    23 |   165 |     6 ||   194
       Unarmed           |       |    13 |       ||    13
 Fire: Hand crossbow     |       |     3 |       ||     3
  Use: Potion            |       |     2 |     1 ||     3
  Eat: Chunk             |     1 |    10 |       ||    11
       Ration            |       |       |     1 ||     1
Armor: Leather armour    |     9 |       |       ||     9
       Scale mail        |    21 |   103 |    14 ||   138
Dodge: Dodged            |    48 |   113 |     9 ||   170

Table legend:
 A = Non-vault XP
 B = Vault XP
 C = Vault XP percentage of total XP
 D = Non-vault monster count
 E = Vault monster count
 F = Vault count percentage of total count
                 A         B        C        D         E       F
            +---------+---------+-------+---------+---------+-------
      Total |     548 |     272 |  33.2 |      79 |      12 |  13.2
            +---------+---------+-------+---------+---------+-------
        D:1 |      38 |       0 |   0.0 |      19 |       0 |   0.0
        D:2 |      59 |      70 |  54.3 |      21 |      11 |  34.4
        D:3 |     121 |       0 |   0.0 |      20 |       0 |   0.0
        D:4 |     298 |       0 |   0.0 |      18 |       0 |   0.0
        D:5 |      32 |     202 |  86.3 |       1 |       1 |  50.0
            +---------+---------+-------+---------+---------+-------
